AoeStats
← James Bondski

Black Forest

509293165Analyzed
2v2 RM · 6d ago on Sep 26, 2026· 103m 17s· 4 players
Game mode
Random Map
Map size
Medium (4 player)
Population
200
Speed
Normal
Resources
Standard
Victory
Conquest
Starting age
Dark Age
Ending age
Imperial Age
RankedLock teamsTeams togetherTeam positionsShared explorationLock speedFull tech treeHidden civsTurbo modeCheats
Victory
Defeat
🇨🇳 Byzantines · China
957
+15
🇨🇳 Turks · China
927
+16
🇲🇽 Bohemians · Mexico
964
-17
🇲🇽 Teutons · Mexico
898
-14
Parpastoplo
0:31 Loom
13:54 Feudal Age
18:34 Castle Age
16:30 Double-Bit Axe
16:26 Horse Collar
20:14 Bow Saw
20:06 Heavy Plow
25:30 Wheelbarrow
29:14 Imperial Age
29:04 Chemistry
28:22 Fortified Wall
29:23 Scale Mail Armor
29:34 Forging
31:13 Two-Man Saw
30:11 Pikeman
34:35 Chain Mail Armor
37:43 Masonry
37:54 Ballistics
38:12 Hand Cart
42:23 Conscription
43:20 Architecture
43:34 Conscription
48:11 Padded Archer Armor
48:02 Fletching
48:02 Elite Skirmisher
49:52 Leather Archer Armor
49:32 Bodkin Arrow
51:03 Ring Archer Armor
51:19 Bracer
55:58 Houfnice
57:24 Plate Mail Armor
58:12 Arson
58:28 Squires
59:04 Iron Casting
60:20 Caravan
62:49 Blast Furnace
65:16 Arrowslits
70:41 Halberdier
73:49 Town Watch
79:16 Crossbowman
James Bondski
0:29 Loom
12:46 Feudal Age
14:49 Double-Bit Axe
21:37 Castle Age
19:59 Fishing Lines
21:07 Wheelbarrow
20:35 Town Watch
24:28 Pikeman
27:03 Horse Collar
30:54 Hand Cart
30:53 Scale Mail Armor
31:04 Forging
31:26 Town Patrol
36:55 Imperial Age
35:43 Fortified Wall
35:54 Ballistics
38:36 Halberdier
40:54 Crenellations
41:16 Cavalier
42:07 Scale Barding Armor
42:39 Iron Casting
42:19 Chain Mail Armor
42:28 Conscription
42:06 Fletching
43:19 Paladin
45:35 Chemistry
45:42 Chain Barding Armor
46:23 Blast Furnace
51:11 Bloodlines
52:57 Caravan
53:29 Coinage
57:52 Heavy Scorpion
60:51 Plate Mail Armor
60:18 Bodkin Arrow
67:14 Ironclad
68:36 Squires
68:21 Arson
69:17 Plate Barding Armor
68:44 Padded Archer Armor
93:47 Bombard Tower
嘿咻
0:30 Loom
12:35 Feudal Age
17:26 Castle Age
15:26 Horse Collar
16:09 Double-Bit Axe
24:46 Imperial Age
25:53 Bloodlines
25:44 Husbandry
26:59 Town Watch
27:40 Scale Barding Armor
32:05 Wheelbarrow
35:08 Scale Mail Armor
35:10 Padded Archer Armor
35:27 Stone Mining
35:27 Gold Mining
37:29 Bow Saw
37:22 Heavy Plow
37:39 Hand Cart
43:14 Heavy Camel Rider
47:24 Leather Archer Armor
52:29 Artillery
53:15 Chain Barding Armor
53:07 Forging
54:02 Sipahi
56:56 Caravan
59:01 Plate Barding Armor
59:02 Iron Casting
59:43 Hoardings
67:59 Thumb Ring
67:38 Elite Janissary
71:25 Cavalier
74:14 Blast Furnace
73:45 Ring Archer Armor
80:56 Fletching
81:21 Chain Mail Armor
92:00 Two-Man Saw
92:38 Town Patrol
94:08 Cavalier
95:44 Capped Ram
102:01 Siege Ram
水水火火
0:28 Loom
12:39 Feudal Age
18:35 Castle Age
19:03 Double-Bit Axe
23:29 Fishing Lines
24:28 Bow Saw
28:00 Wheelbarrow
27:44 Gillnets
31:40 Imperial Age
31:08 Gold Mining
31:01 Horse Collar
31:39 Bow Saw
32:45 Conscription
34:26 Chemistry
34:53 Hand Cart
34:48 Elite Cataphract
35:58 Scale Barding Armor
36:04 Forging
37:21 Gold Shaft Mining
39:50 Chain Barding Armor
39:35 Husbandry
40:39 Squires
42:10 Bombard Tower
42:27 Heavy Camel Rider
43:54 Treadmill Crane
44:11 Murder Holes
44:57 Iron Casting
44:14 Fletching
48:33 Bodkin Arrow
49:13 Plate Barding Armor
48:41 Scale Mail Armor
49:03 Caravan
49:44 Greek Fire
50:14 Bracer
58:47 Padded Archer Armor
58:49 Scale Mail Armor
63:45 Onager
64:51 Fortified Wall
65:26 Capped Ram
67:46 Arrowslits
68:24 Ballistics
68:22 Stone Mining
69:37 Chain Mail Armor
69:38 Leather Archer Armor
75:51 Logistica
75:13 Cavalier
76:42 Paladin
82:49 Light Cavalry
82:55 Elite Skirmisher
90:09 Hoardings
Connection lost

Rejoining the realm…

Still unreachable

The connection could not be restored.

Session expired

The server has moved on; the page needs a fresh start.